 Dungeon Crawl Stone Soup version 0.27.0-1-g7a089689b8 (webtiles) character file.

Game seed: 6092574130111964789

2 Thatpatchoflichen the Ruffian (level 1, 0/16 HPs)
             Began as a Draconian Transmuter on Aug 14, 2021.
             Slain by a gnoll (4 damage)
             ... on level 1 of the Dungeon.
             The game lasted 00:00:39 (194 turns).

Thatpatchoflichen the Ruffian (Draconian Transmuter) Turns: 194, Time: 00:00:40

Health: 0/16       AC:  4    Str: 12    XL:     1   Next: 25%
Magic:  1/3        EV: 12    Int: 13    God:
Gold:   0          SH:  0    Dex: 11    Spells: 3/4 levels left

rFire    . . .     SeeInvis .     - Unarmed
rCold    . . .     Faith    .   (no shield)
rNeg     . . .     Spirit   .   (armour unavailable)
rPois    .         Reflect  .   (helmet currently unavailable)
rElec    .         Harm     .   (no cloak)
rCorr    .         Rampage  .   (no gloves)
Will     .....                  (boots currently unavailable)
Stlth    +.........             (no amulet)
HPRegen  0.05/turn              (no ring)
MPRegen  0.08/turn              (no ring)

@: appendages, very slightly contaminated
A: horns 2, talons 2, AC +4, unfitting armour, cold-blooded
a: End Transformation


You were on level 1 of the Dungeon.
You had temporarily grown beastly horns and talons.
You visited 1 branch of the dungeon, and saw 1 of its levels.

Inventory:

Potions
 a - a potion of cancellation {unknown}


   Skills:
 - Level 1.1 Fighting
 + Level 1.8 Dodging
 - Level 3.0 Unarmed Combat
 - Level 2.0 Spellcasting
 * Level 2.1 Transmutations


You had 3 spell levels left.
You knew the following spells:

 Your Spells              Type           Power      Damage    Failure   Level
a - Beastly Appendage     Tmut           12%        N/A       11%         1

Your spell library contained the following spells:

 Spells                   Type           Power      Damage    Failure   Level
 Wereblood                Tmut           6%         N/A       16%         2
 Spider Form              Tmut/Pois      2%         N/A       45%         3
 Ice Form                 Ice/Tmut       4%         N/A       86%         4


Dungeon Overview and Level Annotations

Branches:
Dungeon (1/15)

Altars:


Innate Abilities, Weirdness & Mutations

You have temporarily grown beastly horns and talons.
Your plain brown scales are hard. (AC +4)
You cannot fit into any form of body armour.
You are cold-blooded and may be slowed by cold attacks.


Message History

Found a buckler.
A gnoll comes into view. It is wielding a +0 spear.
The gnoll shouts!
Found 9 gold pieces and 7 arrows.
The ball python hisses angrily.
Found a hunting sling.
You barely miss the ball python.
The ball python bites you but does no damage.
The ball python barely misses you.
The gnoll hits you from afar with a +0 spear.
The ball python misses you. The ball python barely misses you.
You closely miss the ball python. The gnoll barely misses you.
The ball python closely misses you. The ball python grabs you.
The ball python constricts you.
You escape the ball python's grasp.
You closely miss the ball python. The ball python closely misses you.
The ball python grabs you. The ball python constricts you.
Casting: Beastly Appendage (safe; 11% risk of failure)
Press: ? - help, Q - select action Dir - look around, f - activate You miscast Beastly Appendage.
You are very lightly contaminated with residual magic.
Nothing appears to happen.
The gnoll misses you.
The ball python bites you but does no damage.
The ball python constricts you.
Casting: Beastly Appendage (safe; 11% risk of failure)
Press: ? - help, Q - select action Dir - look around, f - activate You grow a pair of large bovine horns.
Your feet morph into talons.
The gnoll hits you from afar with a +0 spear.
The ball python closely misses you. The ball python constricts you.
You hit the ball python. Your kick misses the ball python.
The ball python is moderately wounded.
The ball python bites you but does no damage.
The ball python constricts you.
The gnoll hits you from afar with a +0 spear!
* * * LOW HITPOINT WARNING * * *
You hit the ball python.
You kill the ball python!
The gnoll hits you from afar with a +0 spear.
You die...

#####.########
###############.# #.#
#.## #.# #... #.# ####
#.##### #####.....#
.....####.# ##### ####.#
#.##########.......######
#.# #.......@†g.[#
....... ##.##
#..########..# .######
#...###..###### ..#
#............... ..$(
#...###..####### ..###
##### #..# ..# #..# .)#
#... ..# #####


You could see a gnoll.

Vanquished Creatures
  A ball python (D:1)
  A giant cockroach (D:1)
  A rat (D:1)
3 creatures vanquished.

Notes
Turn   | Place    | Note
-------+----------+-------------------------------------------
     0 | D:1      | Thatpatchoflichen the Draconian Transmuter began the quest
                  | for the Orb.
     0 | D:1      | Reached XP level 1. HP: 16/16 MP: 3/3
   194 | D:1      | Slain by a gnoll

Illustrated notes

Levels and vault maps discovered:
D:1:      amcnicky_arrival_wind_blow, layout_loops_ring

Action                   || total
-------------------------++-------
Melee: Unarmed           ||     8
 Cast: Beastly Appendage ||     1
Armor: Skin              ||     6
Dodge: Dodged            ||     8
